Workbook
Name _na1: #REF!
Name _na1: #REF!
Name _na2: #REF!
Name _na2: #REF!
Name _na3: #REF!
Name _na3: #REF!
Name _na4: #REF!
Name _na5: #REF!
Name _na6: #REF!
Name _na7: #REF!
Name _na8: #REF!
Name bases: #REF!
Name bases: #REF!
Name bases1: #REF!
Name bases2: #REF!
Name bases3: #REF!
Name bases4: #REF!
Name bases5: #REF!
Name bases6: #REF!
Name bases7: #REF!
Name bases8: #REF!
Name Build: #REF!
Name Build1: #REF!
Name Build2: #REF!
Name Build3: #REF!
Name Build4: #REF!
Name Build5: #REF!
Name Build6: #REF!
Name Build7: #REF!
Name Build8: #REF!
Name cmndBase: #REF!
Name cmndDayMonthTo: #REF!
Name cmndDays: #REF!
Name cmndDocNum: #REF!
Name cmndDocSer: #REF!
Name cmndFIO: #REF!
Name cmndOrdDay: #REF!
Name cmndOrdMonth: #REF!
Name cmndOrdNum: #REF!
Name cmndOrdYear: #REF!
Name cmndPoint: #REF!
Name cmndPoint1: #REF!
Name cmndPos: #REF!
Name cmndYearTo: #REF!
Name cntAddition: #REF!
Name cntDay: #REF!
Name cntMonth: #REF!
Name cntName: #REF!
Name cntNumber: #REF!
Name cntPayer: #REF!
Name cntPayer1: #REF!
Name cntPayerAddr1: #REF!
Name cntPayerAddr2: #REF!
Name cntPayerBank1: #REF!
Name cntPayerBank2: #REF!
Name cntPayerBank3: #REF!
Name cntPayerCount: #REF!
Name cntPayerCountCor: #REF!
Name cntPriceC: #REF!
Name cntPriceR: #REF!

Sheet Исходные данные
A1: Исходные данные для определения стоимости объекта в текущих ценах
B3: 1 | C3: Затраты на оборудование, мебель и инвентарь (Со) | D3: 0 | E3: сум
B4: 2 | C4: Затраты на строительные материалы, изделия и конструкции (См) | D4: =+РЕСУРС!H69 -> 1.0103651e+09 | E4: сум
C5: Транспортные расходы на материалы | D5: =РЕСУРС!H71 -> 0 | E5: сум
C6: Заготовительно-складские расходы | E6: сум
C7: Транспортные расходы на оборудование с загот.скл.расх | D7: 0 | E7: сум
B8: 3 | C8: Затраты на ОЗП с учетом начислений на соцстрах (Сзп) | D8: =ROUND(D9*D10/D11*D12,0) -> 18274633 | E8: сум
B9: 3.1 | C9: Нормативная трудоемкость объекта (Т) | D9: =+РЕСУРС!F15 -> 658.38019 | E9: чел/час
B10: 3.2 | C10: Среднегодовая заработная плата строителей по региону в расчете на месяц, определенная на основе статистических данных за предыдущие 12 месяцев, сум./месяц (Змс) | D10: =РЕСУРС!G15/1.12*'Исходные данные'!D11 -> 4070607.8 | E10: сум/месяц
B11: 3.3 | C11: Среднемесячный фонд рабочего времени в часах по данным Министерства труда и социальной защиты населения Республики Узбекистан (Ф) | D11: 164.25 | E11: час
B12: 3.4 | C12: Коэффициент учета размера отчислений на соцстрах (Ксс) | D12: 1.12
B13: 4 | C13: Затраты на эксплуатацию машин и механизмов (Сэм) | D13: =+РЕСУРС!H45 -> 1.5769926e+08 | E13: сум
C14: Сумма (сум)
B15: 5 | C15: Прочие затраты и расходы подрядчика (Пп) | D15: =(D4+D5+D8+D13)*D16 -> 2.0167763e+08 | E15: сум
C16: Процент (%) | D16: 0.17 | E16: %
C17: Сумма (сум) | E17: сум
B18: 6 | C18: Отраслевая рентабельность(Нпр) | D18: =(D4+D5+D8+D13)*D19 -> 0
C19: Процент (%) | D19: 0
C20: Сумма (сум)
B21: 7 | C21: Прочие затраты и расходы заказчика (Пз) | D21: 0 | E21: сум
C22: Процент (%) | E22: %
C23: Сумма (сум) | E23: сум
B24: 8 | C24: Затраты на страхование строительства объектов | D24: =(D4+D5+D8+D13+D15)*D25 -> 4441653.2 | E24: сум
C25: Процент (%) | D25: 0.0032 | E25: %
C26: Сумма (сум) | E26: сум
B27: 9 | C27: Коэффициент риска, исходя из прогноза индекса роста цен | D27: 1 | E27: %
C28: Итого стоимость объекта в текущих ценах | D28: =ROUND((D4+D8+D13+D15+D5+D6)*D27+D3+D7+D21+D18+D24,0)/1000 -> 1392458.3 | E28: тыс.сум

Sheet РЕСУРС
A2: НАМАНГАН ВИЛОЯТИ УЧҚЎРҒОН ТУМАНИ ҚУРАМА МФЙ МИЛЛИЙ ИСТИҚЛОЛ, ДАРХОН, НАСТАРИН ВА АФСИЁБ КЎЧАСИ ИЧКИ ЙЎЛЛАРИГА АСФАЛЬТ ЁТҚИЗИШ
A4: СВОДНАЯ РЕСУРСНАЯ СМЕТА № 1
A5: ДОРОЖНЫЕ РАБОТЫ
A7: Основание: | C7: ВЕДОМОСТЬ ОБЪЕМОВ РАБОТ
A8: N п/п | B8: Шифр (обоснование) | C8: Код АВС | D8: Наименование ресурса | E8: Единица измерения | F8: Сметная потреб-ность | G8: Сметная стоимость, СУМ
G9: в текущем уровне
G10: единицы | H10: всего
A11: 1 | B11: 2 | C11: 3 | D11: 4 | E11: 5 | F11: 6 | G11: 7 | H11: 8
A13: Ресурсы по нормам СНиП
A14: Затраты труда
A15: 1. | C15: 1 | D15: Затраты труда рабочих-строителей | E15: чел.-ч | F15: 658.38019 | G15: 27756.96 | H15: =+G15*F15 -> 18274633
A16: 2. | C16: 3 | D16: Затраты труда машинистов | E16: чел.-ч | F16: 585.35613 | H16: 0
D17: Итого по трудовым ресурсам | E17: СУМ | H17: =SUM(H15:H16) -> 18274633
A19: Строительные машины и механизмы
A20: 1. | C20: 97 | D20: Автомобили-самосвалы грузоподъемностью до 30 т | E20: маш.-ч | F20: 22.798476 | G20: 316771 | H20: =+G20*F20 -> 7221896
A21: 2. | C21: 107 | D21: Автогрейдеры среднего типа 99 (135) кВт (л.с.) | E21: маш.-ч | F21: 50.394474 | G21: 294846 | H21: =+G21*F21 -> 14858609
A22: 3. | C22: 108 | D22: Автогудронаторы 3500 л | E22: маш.-ч | F22: 8.6716 | G22: 180023 | H22: =+G22*F22 -> 1561087.4
A23: 4. | C23: 403 | D23: Вибраторы глубинные | E23: маш.-ч | F23: 0.0400896 | G23: 1672 | H23: =+G23*F23 -> 67.029811
A24: 5. | C24: 464 | D24: Гудронаторы ручные | E24: маш.-ч | F24: 3.799746 | G24: 303 | H24: =+G24*F24 -> 1151.323
A25: 6. | C25: 619 | D25: Катки дорожные самоходные вибрационные 2,2 т | E25: маш.-ч | F25: 8.99395 | G25: 105589 | H25: =+G25*F25 -> 949662.19
A26: 7. | C26: 621 | D26: Катки дорожные самоходные гладкие 8 т | E26: маш.-ч | F26: 69.615392 | G26: 179705 | H26: =+G26*F26 -> 12510234
A27: 8. | C27: 623 | D27: Катки дорожные самоходные гладкие 13 т | E27: маш.-ч | F27: 50.844099 | G27: 202982 | H27: =+G27*F27 -> 10320437
A28: 9. | C28: 762 | D28: Краны на автомобильном ходу при работе на других видах строительства 10 т | E28: маш.-ч | F28: 0.1824 | G28: 251577 | H28: =+G28*F28 -> 45887.645
A29: 10. | C29: 1025 | D29: Кирковщики | E29: маш.-ч | F29: 13.798765 | G29: 0 | H29: =+G29*F29 -> 0
A30: 11. | C30: 1069 | D30: Машины бурильные на тракторе 85 (115) кВт (л.с.) глубиной бурения 3,5 м | E30: маш.-ч | F30: 1.32 | G30: 274574 | H30: =+G30*F30 -> 362437.68
A31: 12. | C31: 1135 | D31: Машины поливомоечные 6000 л | E31: маш.-ч | F31: 30.909319 | G31: 205109 | H31: =+G31*F31 -> 6339779.5
... A44: 25. | C44: 3457 | D44: Автомобили-самосвалы грузоподъемностью до 25 т | E44: маш.-ч | F44: 217.98218 | G44: 316771 | H44: =+G44*F44 -> 69050432
D45: Итого по строительным машинам | E45: СУМ | H45: =SUM(H20:H44) -> 1.5769926e+08
A47: Строительные материалы, изделия и детали
A48: 1. | C48: 6087 | D48: Асфальтобетонные смеси мелкозернистые типа Б М-2 | E48: т | F48: 1530.2844 | G48: 611471 | H48: =+G48*F48 -> 9.3572452e+08
A49: 2. | C49: 6322 | D49: Бетон тяжелый класса В15 /М-200/ фракции 5-20 мм | E49: м3 | F49: 0.19584 | G49: 370000 | H49: =+G49*F49 -> 72460.8
A50: 3. | C50: 9219 | D50: Вода | E50: м3 | F50: 200.33199 | G50: 0 | H50: =+G50*F50 -> 0
A51: 4. | C51: 12303 | D51: Гравийно-песчаная смесь | E51: м3 | F51: 991.83927 | G51: 31171 | H51: =+G51*F51 -> 30916622
A52: 5. | C52: 30135 | D52: Битум | E52: т | F52: 0.17225516 | G52: 5803571 | H52: =+G52*F52 -> 999695.05
A53: 6. | C53: 30137 | D53: Эмульсия битумная | E53: т | F53: 7.828 | G53: 4464285.7 | H53: =+G53*F53 -> 34946428
A54: 7. | C54: 30303 | D54: Болты с шестигранной головкой диаметром резьбы 10 мм | E54: т | F54: 0.00576 | G54: 15402000 | H54: =+G54*F54 -> 88715.52
A55: 8. | C55: 30407 | D55: Гвозди строительные | E55: т | F55: 3.648e-05 | G55: 9375000 | H55: =+G55*F55 -> 342
A56: 9. | C56: 30652 | D56: Известь строительная негашеная комовая, сорт 1 | E56: т | F56: 4.8e-05 | G56: 850000 | H56: =+G56*F56 -> 40.8
A57: 10. | C57: 31403 | D57: Грунтовка В-КФ-093 красно-коричневая, серая, черная | E57: т | F57: 0.002322 | G57: 18482000 | H57: =+G57*F57 -> 42915.204
A58: 11. | C58: 31445 | D58: Краски перхлорвиниловые | E58: т | F58: 0.0006744 | G58: 18482000 | H58: =+G58*F58 -> 12464.261
A59: 12. | C59: 31507 | D59: Растворители для лакокрасочных материалов Р-4А | E59: т | F59: 0.0004056 | G59: 17188000 | H59: =+G59*F59 -> 6971.4528
... A63: 16. | C63: 51619 | D63: Щиты из досок толщиной 25 мм | E63: м2 | F63: 0.1056 | G63: 37500 | H63: =+G63*F63 -> 3960
A64: 1. | B64: С | D64: ДОРОЖНЫЙ ЗНАК 1.31 ТРЕУГОЛЬНОЙ, СВЕТООТРАЖАЮЩИХ, СТОРОНОЙ -700ММ. | E64: шт | F64: 4 | G64: 310000 | H64: =+G64*F64 -> 1240000
A65: 2. | B65: С | D65: Трубы металлические профил размером 50х50мм толщиной стенки 3,5 мм | E65: м | F65: 48 | G65: 35020 | H65: =+G65*F65 -> 1680960
A66: 3. | B66: С | D66: ЛЕЖАЧИЙ ПОЛИЦЕЙСКИЙ | E66: м | F66: 13 | G66: 178571.43 | H66: =+G66*F66 -> 2321428.6
A67: 4. | B67: С | D67: ДОРОЖНЫЙ ЗНАК 3.12 КРУГЛЫЙ, СВЕТООТРАЖАЮЩИХ, СТОРОНОЙ -700ММ. | E67: шт | F67: 4 | G67: 310000 | H67: =+G67*F67 -> 1240000
A68: 5. | B68: С | D68: ДОРОЖНЫЙ ЗНАК 2.4 ТРЕУГОЛЬНОЙ, СВЕТООТРАЖАЮЩИХ, СТОРОНОЙ -700ММ. | E68: шт | F68: 4 | G68: 264763 | H68: =+G68*F68 -> 1059052
D69: Итого по материальным ресурсам | E69: СУМ | H69: =SUM(H48:H68) -> 1.0103651e+09
D71: Транспорные расходы 3%

Sheet 01_ЛРВ
B2: НАМАНГАН ВИЛОЯТИ УЧКУРГОН ТУМАНИ КУРАМА МФЙ МИЛЛИЙ ИСТИКЛОЛ, ДАРХОН, НАСТАРИН ВА АФСИЁБ КУЧАСИ ИЧКИ ЙУЛЛАРИГА АСФАЛЬТ ЁТКИЗИШ
B3: (наименование стройки)
C5: ЛОКАЛЬНАЯ РЕСУРСНАЯ ВЕДОМОСТЬ № | D5: 01
B6: (локальная ресурсная смета)
A8: на | B8: ДОРОЖНЫЕ РАБОТЫ,
B9: (наименование работ и затрат, наименование объекта)
A11: Основание: | C11: ДЕФЕКТНЫЙ АКТ
A12: N п.п. | B12: Шифр номера нормативов и коды ресурсов | C12: Наименование работ и затрат | D12: Единица измерения | E12: Количество | G12: Стоимость
E13: на. ед. измерения | F13: по проектным данным | G13: на. ед. измерения | H13: по проектным данным
A14: 1 | B14: 2 | C14: 3 | D14: 4 | E14: 5 | F14: 6 | G14: 7 | H14: 8
A16: РАЗДЕЛ 1. ДОРОЖНАЯ ОДЕЖДА
A17: 1 | B17: Е2704-003-05 ДОП. 4 | C17: УСТРОЙСТВО ОСНОВАНИЙ И ПОКРЫТИЙ ИЗ ПЕСЧАНО-ГРАВИЙНЫХ СМЕСЕЙ ОДНОСЛОЙНЫХ ТОЛЩИНОЙ 12 СМ | D17: 1000М2 | E17: 0.2345
A18: 1.1 | B18: 1 | C18: ЗАТРАТЫ ТРУДА РАБОЧИХ-СТРОИТЕЛЕЙ | D18: ЧЕЛ.-Ч | E18: 41.6 | F18: 9.7552
A19: 1.2 | B19: 3 | C19: ЗАТРАТЫ ТРУДА МАШИНИСТОВ | D19: ЧЕЛ.-Ч | E19: 13.77 | F19: 3.2291
A20: 1.3 | B20: 107 | C20: АВТОГРЕЙДЕРЫ СРЕДНЕГО ТИПА 99 (135) КВТ (Л.С.) | D20: МАШ.-Ч | E20: 2.32 | F20: 0.54404
A21: 1.4 | B21: 1135 | C21: МАШИНЫ ПОЛИВОМОЕЧНЫЕ 6000 Л | D21: МАШ.-Ч | E21: 1.43 | F21: 0.335335
A22: 1.5 | B22: 2845 | C22: КАТКИ ДОРОЖНЫЕ САМОХОДНЫЕ КОМБИНИРОВАННЫЕ 13 Т HAMM ND 110 S/N | D22: МАШ.-Ч | E22: 4.09 | F22: 0.959105
A23: 1.6 | B23: 2846 | C23: КАТКИ ДОРОЖНЫЕ 30 Т HAMM 35 S/N | D23: МАШ.-Ч | E23: 0.92 | F23: 0.21574
A24: 1.7 | B24: 3093 | C24: КАТКИ ДОРОЖНЫЕ САМОХОДНЫЕ КОМБИНИРОВАННЫЕ БОЛЬШИХ ТИПОРАЗМЕРОВ ТИПА КАТКОВ ФИРМЫ "BOMAG" С РАБОЧЕЙ МАССОЙ ОТ 8,8 ДО 9,2 Т | D24: МАШ.-Ч | E24: 5.01 | F24: 1.1748
A25: 1.8 | B25: 9219 | C25: ВОДА | D25: М3 | E25: 10.5 | F25: 2.4623
A26: 1.9 | B26: 12303 | C26: ГРАВИЙНО-ПЕСЧАНАЯ СМЕСЬ | D26: М3 | E26: 152 | F26: 35.644
A27: 2 | B27: Е2704-003-08 ДОП. 7 К=8 | C27: УВЕЛИЧЕНИЕ ТОЛЩИНЫ СЛОЯ НА 8 СМ | D27: 1000 М2 | E27: 0.2345
A28: 2.1 | B28: 3 | C28: ЗАТРАТЫ ТРУДА МАШИНИСТОВ | D28: ЧЕЛ.-Ч | E28: 4.4 | F28: 1.0318
A29: 2.2 | B29: 2845 | C29: КАТКИ ДОРОЖНЫЕ САМОХОДНЫЕ КОМБИНИРОВАННЫЕ 13 Т HAMM ND 110 S/N | D29: МАШ.-Ч | E29: 2 | F29: 0.469
A30: 2.3 | B30: 3093 | C30: КАТКИ ДОРОЖНЫЕ САМОХОДНЫЕ КОМБИНИРОВАННЫЕ БОЛЬШИХ ТИПОРАЗМЕРОВ ТИПА КАТКОВ ФИРМЫ "BOMAG" С РАБОЧЕЙ МАССОЙ ОТ 8,8 ДО 9,2 Т | D30: МАШ.-Ч | E30: 2.4 | F30: 0.5628
A31: 2.4 | B31: 12303 | C31: ГРАВИЙНО-ПЕСЧАНАЯ СМЕСЬ | D31: М3 | E31: 101.3333 | F31: 23.7627
A32: 3 | B32: Е2703-1-3 | C32: ИСПРАВЛЕНИЕ ПРОФИЛЯ ОСНОВАНИЙ ГРАВИЙНО-ПЕСЧАНОЙ СМЕСИ С ДОБАВЛЕНИЕМ НОВОГО МАТЕРИАЛА | D32: 1000М2 ПЛОЩАДИ ОСНОВАНИЯ | E32: 12.4313
A33: 3.1 | B33: 1 | C33: ЗАТРАТЫ ТРУДА РАБОЧИХ-СТРОИТЕЛЕЙ | D33: ЧЕЛ.-Ч | E33: 30.9 | F33: 384.1278
A34: 3.2 | B34: 3 | C34: ЗАТРАТЫ ТРУДА МАШИНИСТОВ | D34: ЧЕЛ.-Ч | E34: 16.35 | F34: 203.2521
A35: 3.3 | B35: 107 | C35: АВТОГРЕЙДЕРЫ СРЕДНЕГО ТИПА 99 (135) КВТ (Л.С.) | D35: МАШ.-Ч | E35: 3.7 | F35: 45.9959
A36: 3.4 | B36: 621 | C36: КАТКИ ДОРОЖНЫЕ САМОХОДНЫЕ ГЛАДКИЕ 8 Т | D36: МАШ.-Ч | E36: 5.6 | F36: 69.6154
A37: 3.5 | B37: 623 | C37: КАТКИ ДОРОЖНЫЕ САМОХОДНЫЕ ГЛАДКИЕ 13 Т | D37: МАШ.-Ч | E37: 4.09 | F37: 50.8441
A38: 3.6 | B38: 1025 | C38: КИРКОВЩИКИ | D38: МАШ.-Ч | E38: 1.11 | F38: 13.7988
A39: 3.7 | B39: 1135 | C39: МАШИНЫ ПОЛИВОМОЕЧНЫЕ 6000 Л | D39: МАШ.-Ч | E39: 1.95 | F39: 24.2411
A40: 3.8 | B40: 1835 | C40: ТРАКТОРЫ НА ГУСЕНИЧНОМ ХОДУ 79 (108) КВТ (Л.С.) | D40: МАШ.-Ч | E40: 1.01 | F40: 12.5556
A41: 3.9 | B41: 9219 | C41: ВОДА | D41: М3 | E41: 15 | F41: 186.4698
A42: 3.10 | B42: 12303 | C42: ГРАВИЙНО-ПЕСЧАНАЯ СМЕСЬ | D42: М3 | E42: 66 | F42: 820.4671
A43: 4 | B43: Е2706-026-01 | C43: ПОДГРУНТОВКА БИТУМНОЙ ЭМУЛЬСИИ С ДОСТАВКОЙ НА 37 КМ | D43: Т | E43: 7.6
A44: 4.1 | B44: 3 | C44: ЗАТРАТЫ ТРУДА МАШИНИСТОВ | D44: ЧЕЛ.-Ч | E44: 2.282 | F44: 17.3432
A45: 4.2 | B45: 108 | C45: АВТОГУДРОНАТОРЫ 3500 Л | D45: МАШ.-Ч | E45: 1.141 | F45: 8.6716
A46: 4.3 | B46: 30137 | C46: ЭМУЛЬСИЯ БИТУМНАЯ | D46: Т | E46: 1.03 | F46: 7.828
A47: 5 | B47: Е2713-010-01 ДОП. 9 | C47: УСТРОЙСТВО ПОКРЫТИЯ ИЗ ГОРЯЧИХ ПЛОТНЫХ МЕЛКОЗЕРНИСТЫХ АСФАЛЬТОБЕТОННЫХ СМЕСЕЙ АСФАЛЬТОУКЛАДЧИКАМИ ТИПА "VOGELE" ПРИ ШИРИНЕ УКЛАДКИ ДО 6 М И ТОЛЩИНОЙ СЛОЯ 4 СМ | D47: 1000М2 ПОКРЫТИЯ | E47: 12.6658
A48: 5.1 | B48: 1 | C48: ЗАТРАТЫ ТРУДА РАБОЧИХ-СТРОИТЕЛЕЙ | D48: ЧЕЛ.-Ч | E48: 16.63 | F48: 210.6326
A49: 5.2 | B49: 3 | C49: ЗАТРАТЫ ТРУДА МАШИНИСТОВ | D49: ЧЕЛ.-Ч | E49: 9.38 | F49: 118.8054
A50: 5.3 | B50: 97 | C50: АВТОМОБИЛИ-САМОСВАЛЫ ГРУЗОПОДЪЕМНОСТЬЮ ДО 30 Т | D50: МАШ.-Ч | E50: 1.44 | F50: 18.2388
A51: 5.4 | B51: 464 | C51: ГУДРОНАТОРЫ РУЧНЫЕ | D51: МАШ.-Ч | E51: 0.24 | F51: 3.0398
A52: 5.5 | B52: 1135 | C52: МАШИНЫ ПОЛИВОМОЕЧНЫЕ 6000 Л | D52: МАШ.-Ч | E52: 0.5 | F52: 6.3329
A53: 5.6 | B53: 2798 | C53: РЕЗЧИКИ ШВОВ ДИСКОВЫЕ | D53: МАШ.-Ч | E53: 0.12 | F53: 1.5199
A54: 5.7 | B54: 3097 | C54: УКЛАДЧИКИ АСФАЛЬТОБЕТОНА ТИПА "VOGELE" С ШИРИНОЙ УКЛАДКИ ДО 6,5 М | D54: МАШ.-Ч | E54: 1.44 | F54: 18.2388
A55: 5.8 | B55: 3348 | C55: КАТКИ САМОХОДНЫЕ ДОРОЖНЫЕ ВИБРАЦИОННЫЕ ТИПА "DYNAPAC", "HAMM", "BOMAG", 8 Т | D55: МАШ.-Ч | E55: 3.08 | F55: 39.0107
A56: 5.9 | B56: 3349 | C56: КАТКИ САМОХОДНЫЕ ДОРОЖНЫЕ ВИБРАЦИОННЫЕ ТИПА "DYNAPAC", "HAMM", "BOMAG", 10 Т | D56: МАШ.-Ч | E56: 1.37 | F56: 17.3522
A57: 5.10 | B57: 3350 | C57: КАТКИ САМОХОДНЫЕ ДОРОЖНЫЕ ВИБРАЦИОННЫЕ ТИПА "DYNAPAC", "HAMM", "BOMAG", 13 Т | D57: МАШ.-Ч | E57: 1.55 | F57: 19.632
A58: 5.11 | B58: 6087 | C58: АСФАЛЬТОБЕТОННЫЕ СМЕСИ МЕЛКОЗЕРНИСТЫЕ ТИПА Б М-2 | D58: Т | E58: 96.6 | F58: 1223.5182
A59: 5.12 | B59: 9219 | C59: ВОДА | D59: М3 | E59: 0.9 | F59: 11.3992
A60: 5.13 | B60: 30135 | C60: БИТУМ | D60: Т | E60: 0.0108 | F60: 0.136791
A61: 6 | B61: Е2713-011-01 ДОП. 9 К=2 | C61: УВЕЛИЧЕНИЕ ТОЛЩИНЫ СЛОЯ НА 1 СМ | D61: 1000 М2 | E61: 12.6658
A62: 6.1 | B62: 1 | C62: ЗАТРАТЫ ТРУДА РАБОЧИХ-СТРОИТЕЛЕЙ | D62: ЧЕЛ.-Ч | E62: 1.16 | F62: 14.6924
A63: 6.2 | B63: 3 | C63: ЗАТРАТЫ ТРУДА МАШИНИСТОВ | D63: ЧЕЛ.-Ч | E63: 0.72 | F63: 9.1194
A64: 6.3 | B64: 97 | C64: АВТОМОБИЛИ-САМОСВАЛЫ ГРУЗОПОДЪЕМНОСТЬЮ ДО 30 Т | D64: МАШ.-Ч | E64: 0.36 | F64: 4.5597
A65: 6.4 | B65: 464 | C65: ГУДРОНАТОРЫ РУЧНЫЕ | D65: МАШ.-Ч | E65: 0.06 | F65: 0.759949
A66: 6.5 | B66: 2798 | C66: РЕЗЧИКИ ШВОВ ДИСКОВЫЕ | D66: МАШ.-Ч | E66: 0.03 | F66: 0.379975
A67: 6.6 | B67: 3097 | C67: УКЛАДЧИКИ АСФАЛЬТОБЕТОНА ТИПА "VOGELE" С ШИРИНОЙ УКЛАДКИ ДО 6,5 М | D67: МАШ.-Ч | E67: 0.36 | F67: 4.5597
A68: 6.7 | B68: 6087 | C68: АСФАЛЬТОБЕТОННЫЕ СМЕСИ МЕЛКОЗЕРНИСТЫЕ ТИПА Б М-2 | D68: Т | E68: 24.22 | F68: 306.7662
A69: 6.8 | B69: 30135 | C69: БИТУМ | D69: Т | E69: 0.0028 | F69: 0.035464
A70: 7 | B70: Е2714-005-01 | C70: УКРЕПЛЕНИЕ ОБОЧИН ПЕСЧАНО-ГРАВИЙНОЙ СМЕСЬЮ, ТОЛЩИНА СЛОЯ 10 СМ | D70: 100 М2 | E70: 18.355
A71: 7.1 | B71: 3 | C71: ЗАТРАТЫ ТРУДА МАШИНИСТОВ | D71: ЧЕЛ.-Ч | E71: 0.7 | F71: 12.8485
A72: 7.2 | B72: 107 | C72: АВТОГРЕЙДЕРЫ СРЕДНЕГО ТИПА 99 (135) КВТ (Л.С.) | D72: МАШ.-Ч | E72: 0.21 | F72: 3.8545
A73: 7.3 | B73: 619 | C73: КАТКИ ДОРОЖНЫЕ САМОХОДНЫЕ ВИБРАЦИОННЫЕ 2,2 Т | D73: МАШ.-Ч | E73: 0.49 | F73: 8.9939
A74: 7.4 | B74: 12303 | C74: ГРАВИЙНО-ПЕСЧАНАЯ СМЕСЬ | D74: М3 | E74: 12.6 | F74: 231.273
A75: 8 | B75: Е2714-005-02 К=5 | C75: УМЕНШЕНИЕ ТОЛЩИНЫ СЛОЯ НА 5 СМ | D75: 100 М2 | E75: -18.355
A76: 8.1 | B76: 12303 | C76: ГРАВИЙНО-ПЕСЧАНАЯ СМЕСЬ | D76: М3 | E76: 6.5 | F76: -119.3075
A77: РАЗДЕЛ 2. ДОРОЖНЫЕ ЗНАКИ
A78: 9 | B78: Е2709-008-01 | C78: УСТАНОВКА ОПОР ИЗ МЕТАЛЛИЧЕСКИЕ ПРОФИЛ РАЗМЕРОМ 50Х50ММ 3,5 ММ ДЛЯ ДОРОЖНЫХ ЗНАКОВ С УСТАНОВКОЙ ЩИТКОВ | D78: 100 ШТ | E78: 0.12
A79: 9.1 | B79: 1 | C79: ЗАТРАТЫ ТРУДА РАБОЧИХ-СТРОИТЕЛЕЙ | D79: ЧЕЛ.-Ч | E79: 320 | F79: 38.4
A80: 9.2 | B80: 3 | C80: ЗАТРАТЫ ТРУДА МАШИНИСТОВ | D80: ЧЕЛ.-Ч | E80: 14.53 | F80: 1.7436
A81: 9.3 | B81: 762 | C81: КРАНЫ НА АВТОМОБИЛЬНОМ ХОДУ ПРИ РАБОТЕ НА ДРУГИХ ВИДАХ СТРОИТЕЛЬСТВА 10 Т | D81: МАШ.-Ч | E81: 1.52 | F81: 0.1824
A82: 9.4 | B82: 1069 | C82: МАШИНЫ БУРИЛЬНЫЕ НА ТРАКТОРЕ 85 (115) КВТ (Л.С.) ГЛУБИНОЙ БУРЕНИЯ 3,5 М | D82: МАШ.-Ч | E82: 11 | F82: 1.32
A83: 9.5 | B83: 2499 | C83: АВТОМОБИЛИ БОРТОВЫЕ ГРУЗОПОДЪЕМНОСТЬЮ ДО 5 Т | D83: МАШ.-Ч | E83: 2.01 | F83: 0.2412
A84: 9.6 | B84: 30303 | C84: БОЛТЫ С ШЕСТИГРАННОЙ ГОЛОВКОЙ ДИАМЕТРОМ РЕЗЬБЫ 10 ММ | D84: Т | E84: 0.048 | F84: 0.00576
A85: 9.7 | B85: 31403 | C85: ГРУНТОВКА В-КФ-093 КРАСНО-КОРИЧНЕВАЯ, СЕРАЯ, ЧЕРНАЯ | D85: Т | E85: 0.01935 | F85: 0.002322
A86: 9.8 | B86: 31445 | C86: КРАСКИ ПЕРХЛОРВИНИЛОВЫЕ | D86: Т | E86: 0.00562 | F86: 0.000674
A87: 9.9 | B87: 31507 | C87: РАСТВОРИТЕЛИ ДЛЯ ЛАКОКРАСОЧНЫХ МАТЕРИАЛОВ Р-4А | D87: Т | E87: 0.00338 | F87: 0.000406
A88: 10 | B88: Е0601-001-03 ДОП. 3 | C88: УСТРОЙСТВО ФУНДАМЕНТА ПОД ОПОРИ ИЗ БЕТОНА В-15 | D88: 100 М3 БЕТОНА | E88: 0.00192
A89: 10.1 | B89: 1 | C89: ЗАТРАТЫ ТРУДА РАБОЧИХ-СТРОИТЕЛЕЙ | D89: ЧЕЛ.-Ч | E89: 402.22 | F89: 0.772262
A90: 10.2 | B90: 3 | C90: ЗАТРАТЫ ТРУДА МАШИНИСТОВ | D90: ЧЕЛ.-Ч | E90: 0.48 | F90: 0.000922
A91: 10.3 | B91: 403 | C91: ВИБРАТОРЫ ГЛУБИННЫЕ | D91: МАШ.-Ч | E91: 20.88 | F91: 0.04009
A92: 10.4 | B92: 1571 | C92: ПИЛА ЭЛЕКТРИЧЕСКАЯ ЦЕПНАЯ | D92: МАШ.-Ч | E92: 0.72 | F92: 0.001382
A93: 10.5 | B93: 2509 | C93: АВТОМОБИЛИ БОРТОВЫЕ ГРУЗОПОДЪЕМНОСТЬЮ ДО 5 Т | D93: МАШ.-Ч | E93: 0.48 | F93: 0.000922
A94: 10.6 | B94: 6322 | C94: БЕТОН ТЯЖЕЛЫЙ КЛАССА В15 /М-200/ ФРАКЦИИ 5-20 ММ | D94: М3 | E94: 102 | F94: 0.19584
A95: 10.7 | B95: 9219 | C95: ВОДА | D95: М3 | E95: 0.364 | F95: 0.000699
A96: 10.8 | B96: 30407 | C96: ГВОЗДИ СТРОИТЕЛЬНЫЕ | D96: Т | E96: 0.019 | F96: 3.6e-05
A97: 10.9 | B97: 30652 | C97: ИЗВЕСТЬ СТРОИТЕЛЬНАЯ НЕГАШЕНАЯ КОМОВАЯ, СОРТ 1 | D97: Т | E97: 0.025 | F97: 4.8e-05
A98: 10.10 | B98: 32524 | C98: КАТАНКА ГОРЯЧЕКАТАНАЯ В МОТКАХ ДИАМЕТРОМ 6,3-6,5 ММ | D98: Т | E98: 0.025 | F98: 4.8e-05
A99: 10.11 | B99: 35516 | C99: РОГОЖА | D99: М2 | E99: 123 | F99: 0.23616
A100: 10.12 | B100: 36061 | C100: ДОСКИ ОБРЕЗНЫЕ ХВОЙНЫХ ПОРОД ДЛИНОЙ 4-6,5 М, ШИРИНОЙ 75-150 ММ, ТОЛЩИНОЙ 44 ММ И БОЛЕЕ, III СОРТА | D100: М3 | E100: 0.59 | F100: 0.001133
A101: 10.13 | B101: 51619 | C101: ЩИТЫ ИЗ ДОСОК ТОЛЩИНОЙ 25 ММ | D101: М2 | E101: 55 | F101: 0.1056
A102: 11 | B102: С | C102: ТРУБЫ МЕТАЛЛИЧЕСКИЕ ПРОФИЛ РАЗМЕРОМ 50Х50ММ ТОЛЩИНОЙ СТЕНКИ 3,5 ММ | D102: М | E102: 48
A103: 12 | B103: С | C103: ДОРОЖНЫЙ ЗНАК 2.4 ТРЕУГОЛЬНОЙ, СВЕТООТРАЖАЮЩИХ, СТОРОНОЙ -700ММ. | D103: ШТ | E103: 4
A104: 13 | B104: С | C104: ДОРОЖНЫЙ ЗНАК 1.31 ТРЕУГОЛЬНОЙ, СВЕТООТРАЖАЮЩИХ, СТОРОНОЙ -700ММ. | D104: ШТ | E104: 4
A105: 14 | B105: С | C105: ДОРОЖНЫЙ ЗНАК 3.12 КРУГЛЫЙ, СВЕТООТРАЖАЮЩИХ, СТОРОНОЙ -700ММ. | D105: ШТ | E105: 4
...

Sheet Объемка
A1: =+Дефектовка!A7 -> НАМАНГАН ВИЛОЯТИ УЧҚЎРҒОН ТУМАНИ ҚУРАМА МФЙ МИЛЛИЙ ИСТИҚЛОЛ, ДАРХОН, НАСТАРИН ВА АФСИЁБ КЎЧАСИ ИЧКИ ЙЎЛЛАРИГА АСФАЛЬТ ЁТҚИЗИШ
A2: Йиғма иш хажми қайдномаси
A4: № | B4: Ишнинг номланиши | C4: Ўлчов бирлиги | D4: Хажми
B5: Умумий маълумотлар
A6: 1 | B6: Таъмирланаётган йўл бўлагининг узунлиги | C6: м | D6: 3671
A7: 2 | B7: Қатнов кисмининг ўртача эни | C7: м | D7: 3-3,5
A8: 3 | B8: Буюртмачи - Наманган минтақавий йўлларга буюртмачи хизмати ДМ
A9: 4 | B9: Курувчи ташкилоти - Танлов асосида аниқланади
A10: 5 | B10: Ишлар бажариладиган худуд - Наманган вилояти Учқўрғон тумани
A11: 6 | B11: Курилиш монтаж ишлари автотранспорт харакати тўхтатилган холда бажарилади
B12: Йўл тушамаси
A13: 1 | B13: Қум шағал аралашмаси ГОСТ 25607-2009 (С4) дан 20 см қалинликда асос ётқизиш | C13: м2 | D13: =SUMIF(Дефектовка!$F$15:$F$106,B13,Дефектовка!$I$15:$I$106) -> 234.5
A14: =+A13+1 -> 2 | B14: Мавжуд йўл профилини 1000м2 га 66 м3 янги ҚШАли ГОСТ 25607-2009 (С6) материал қўшиш йўли билан тиклаш | C14: м2 | D14: =SUMIF(Дефектовка!$F$15:$F$106,B14,Дефектовка!$I$15:$I$106) -> 12431.32
A15: =+A14+1 -> 3 | B15: Битум эмульцияси билан юзаки ишлов бериш 0,6 л/м2 | C15: т | D15: =SUMIF(Дефектовка!$F$15:$F$106,B15,Дефектовка!$I$15:$I$106) -> 7.6
A16: =+A15+1 -> 4 | B16: Асфальтоукладчик ёрдамида қайноқ майда заррали зич асфальтобетондан 5 см қалинликда қоплама ёткизиш. (ГОСТ 9128-2013) | C16: м2 | D16: =SUMIF(Дефектовка!$F$15:$F$106,B16,Дефектовка!$I$15:$I$106) -> 12665.82
A17: =+A16+1 -> 5 | B17: Қум шағал аралашмаси ёрдамида (ГОСТ 25607-2009 бўйича С11) 5 см қалинликда йўл марзасини мустаҳкамлаш | C17: м2 | D17: =SUMIF(Дефектовка!$F$15:$F$106,B17,Дефектовка!$I$15:$I$106) -> 1835.5
B18: Йўл белгиларини ўрнатиш
A19: =+A17+1 -> 6 | B19: Йўл белгиларини узунлиги 4 м ўлчами 50х50 мм бўлган металл устинини B-15 маркали қуйма бетон пойдеворга ўрнатиш | C19: дона | D19: =SUMIF(Дефектовка!$F$15:$F$106,B19,Дефектовка!$I$15:$I$106) -> 12
C20: м3 | D20: =+D19*0.016 -> 0.192
A21: =+A19+1 -> 7 | B21: Томонлари 700 мм бўлган 2.4. "Йўл беринг" йўл белгиси | C21: дона | D21: =SUMIF(Дефектовка!$F$15:$F$106,B21,Дефектовка!$I$15:$I$106) -> 4
A22: =+A21+1 -> 8 | B22: Томонлари 700 мм бўлган 1.31. "Сунъий йўл нотекислиги" йўл белгиси | C22: дона | D22: =SUMIF(Дефектовка!$F$15:$F$106,B22,Дефектовка!$I$15:$I$106) -> 4
A23: =+A22+1 -> 9 | B23: Ўлчами 700 мм бўлган 3.12 "Ўққа тушадиган оғирлик чекланган" йўл белгиси | C23: дона | D23: =SUMIF(Дефектовка!$F$15:$F$106,B23,Дефектовка!$I$15:$I$106) -> 4
A24: =+A23+1 -> 10 | B24: Сунъий нотекислик (лежачий полицейский) ўрнатиш | C24: м | D24: =SUMIF(Дефектовка!$F$15:$F$106,B24,Дефектовка!$I$15:$I$106) -> 13
D26: =SUM(D12:D24) -> 27211.932
D27: =SUM(Дефектовка!I15:I106) -> 27211.932
D28: =+D27-D26 -> 0

Sheet Дефектовка
G1: "ТАСДИҚЛАЙМАН"
G2: Наманган минтақавий йўлларга буюртмачи хизмати ДМ директори
G4: ____________________ _____________
G5: "______" __________________2026 й
A7: НАМАНГАН ВИЛОЯТИ УЧҚЎРҒОН ТУМАНИ ҚУРАМА МФЙ МИЛЛИЙ ИСТИҚЛОЛ, ДАРХОН, НАСТАРИН ВА АФСИЁБ КЎЧАСИ ИЧКИ ЙЎЛЛАРИГА АСФАЛЬТ ЁТҚИЗИШ
A8: НУКСОНЛАР ДАЛОЛАТНОМАСИ
A9: Биз, куйида имзо чекувчилар, комиссия аъзолари: Наманган вилояти минтақавий йўлларга буюртмачи хизмати ДМ бажарилган ишларни қабул қилиш бўлими мутахассиси, лойиҳа таъминоти бўлими бошлиғи, Қурама МФЙ раиси, ташаббускор ҳамда лойиҳа ташкилот вакиллари мазкур далолатномани визуал текшириш ва инструментал ўлчашлар натижасида туздик ва ушбу кўча бўйича қуйидаги иш турлари ва хажмлари аниқланди:
A10: № т.р | B10: Ишлар манзили | D10: Узунлиги, метр | E10: Йўл элементларининг мавжуд ҳолати | F10: Лойиҳада кўзда тутилган иш турлари ва тадбирлар | G10: Иш хажмларини хисоблаш формуласи | H10: Ўлчов бирлиги | I10: Миқдори (хажм)
B11: боши | C11: охири
B12: ПК+ | C12: ПК+
A13: 1 | B13: 2 | C13: 3 | D13: 4 | E13: 5 | F13: 6 | G13: 7 | H13: 8 | I13: 9
A14: Трасса 1 (Настарин кўчаси)
A15: 1 | B15: 0+00 | C15: 2+50 | D15: 250 | E15: Йўлнинг мавжуд холати қум шағал аралашмасидан иборат бўлиб, чўкишлар нотекисликлар мавжуд. | F15: Мавжуд йўл профилини 1000м2 га 66 м3 янги ҚШАли ГОСТ 25607-2009 (С6) материал қўшиш йўли билан тиклаш | G15: 250 м х 3,5 м + 6,86 м2 | H15: м2 | I15: 881.86
F16: Битум эмульцияси билан юзаки ишлов бериш 0,6 л/м2 | G16: 0,6 х 881,86 м2 / 1000 | H16: т | I16: 0.529
F17: Асфальтоукладчик ёрдамида қайноқ майда заррали зич асфальтобетондан 5 см қалинликда қоплама ёткизиш. (ГОСТ 9128-2013) | G17: 250 м х 3,5 м + 6,86 м2 | H17: м2 | I17: 881.86
F18: Қум шағал аралашмаси ёрдамида (ГОСТ 25607-2009 бўйича С11) 5 см қалинликда йўл марзасини мустаҳкамлаш | G18: 250 м х 0,25 м х 2 | H18: м2 | I18: 125
A19: 2 | B19: 2+50 | C19: 3+17 | D19: 67 | E19: Йўлнинг мавжуд холатида қум шағал аралашмаси тупроққа қоришиб кетган. | F19: Қум шағал аралашмаси ГОСТ 25607-2009 (С4) дан 20 см қалинликда асос ётқизиш | G19: 67 м х 3,5 м | H19: м2 | I19: 234.5
F20: Битум эмульцияси билан юзаки ишлов бериш 0,6 л/м2 | G20: 0,6 х 234,5 м2 / 1000 | H20: т | I20: 0.141
F21: Асфальтоукладчик ёрдамида қайноқ майда заррали зич асфальтобетондан 5 см қалинликда қоплама ёткизиш. (ГОСТ 9128-2013) | G21: 67 м х 3,5 м | H21: м2 | I21: 234.5
F22: Қум шағал аралашмаси ёрдамида (ГОСТ 25607-2009 бўйича С11) 5 см қалинликда йўл марзасини мустаҳкамлаш | G22: 67 м х 0,25 м х 2 | H22: м2 | I22: 33.5
A23: Трасса 2 (Қайрағоч кўчаси)
A24: 3 | B24: 0+00 | C24: 2+32 | D24: 232 | E24: Йўлнинг мавжуд холати қум шағал аралашмасидан иборат бўлиб, чўкишлар нотекисликлар мавжуд. | F24: Мавжуд йўл профилини 1000м2 га 66 м3 янги ҚШАли ГОСТ 25607-2009 (С6) материал қўшиш йўли билан тиклаш | G24: 232 м х 3,5 м + 6,86 м2 | H24: м2 | I24: 818.86
F25: Битум эмульцияси билан юзаки ишлов бериш 0,6 л/м2 | G25: 0,6 х 818,86 м2 / 1000 | H25: т | I25: 0.491
F26: Асфальтоукладчик ёрдамида қайноқ майда заррали зич асфальтобетондан 5 см қалинликда қоплама ёткизиш. (ГОСТ 9128-2013) | G26: 232 м х 3,5 м + 6,86 м2 | H26: м2 | I26: 818.86
F27: Қум шағал аралашмаси ёрдамида (ГОСТ 25607-2009 бўйича С11) 5 см қалинликда йўл марзасини мустаҳкамлаш | G27: 232 м х 0,25 м х 2 | H27: м2 | I27: 116
A28: Трасса 3 (Қайрағоч кўчаси)
A29: 4 | B29: 0+00 | C29: 1+34 | D29: 134 | E29: Йўлнинг мавжуд холати қум шағал аралашмасидан иборат бўлиб, чўкишлар нотекисликлар мавжуд. | F29: Мавжуд йўл профилини 1000м2 га 66 м3 янги ҚШАли ГОСТ 25607-2009 (С6) материал қўшиш йўли билан тиклаш | G29: 134 м х 3,5 м + 6,86 м2 | H29: м2 | I29: 475.86
F30: Битум эмульцияси билан юзаки ишлов бериш 0,6 л/м2 | G30: 0,6 х 475,86 м2 / 1000 | H30: т | I30: 0.286
F31: Асфальтоукладчик ёрдамида қайноқ майда заррали зич асфальтобетондан 5 см қалинликда қоплама ёткизиш. (ГОСТ 9128-2013) | G31: 134 м х 3,5 м + 6,86 м2 | H31: м2 | I31: 475.86
F32: Қум шағал аралашмаси ёрдамида (ГОСТ 25607-2009 бўйича С11) 5 см қалинликда йўл марзасини мустаҳкамлаш | G32: 134 м х 0,25 м х 2 | H32: м2 | I32: 67
A33: Трасса 4 (Қайрағоч кўчаси)
A34: 5 | B34: 0+00 | C34: 2+45 | D34: 245 | E34: Йўлнинг мавжуд холати қум шағал аралашмасидан иборат бўлиб, чўкишлар нотекисликлар мавжуд. | F34: Мавжуд йўл профилини 1000м2 га 66 м3 янги ҚШАли ГОСТ 25607-2009 (С6) материал қўшиш йўли билан тиклаш | G34: 245 м х 3,5 м + 6,86 м2 | H34: м2 | I34: 864.36
F35: Битум эмульцияси билан юзаки ишлов бериш 0,6 л/м2 | G35: 0,6 х 864,36 м2 / 1000 | H35: т | I35: 0.519
F36: Асфальтоукладчик ёрдамида қайноқ майда заррали зич асфальтобетондан 5 см қалинликда қоплама ёткизиш. (ГОСТ 9128-2013) | G36: 245 м х 3,5 м + 6,86 м2 | H36: м2 | I36: 864.36
F37: Қум шағал аралашмаси ёрдамида (ГОСТ 25607-2009 бўйича С11) 5 см қалинликда йўл марзасини мустаҳкамлаш | G37: 245 м х 0,25 м х 2 | H37: м2 | I37: 122.5
A38: Трасса 5 (Дархон кўчаси)
A39: 6 | B39: 0+00 2+00 | C39: 2+00 3+22 | D39: 200 122 | E39: Йўлнинг мавжуд холати қум шағал аралашмасидан иборат бўлиб, чўкишлар нотекисликлар мавжуд. | F39: Мавжуд йўл профилини 1000м2 га 66 м3 янги ҚШАли ГОСТ 25607-2009 (С6) материал қўшиш йўли билан тиклаш | G39: 200 м х 3,5 м + 6,86 м2 122 м х 3 м + 10,73 м2 | H39: м2 | I39: 1083.59
F40: Битум эмульцияси билан юзаки ишлов бериш 0,6 л/м2 | G40: 0,6 х 1083,59 м2 / 1000 | H40: т | I40: 0.65
F41: Асфальтоукладчик ёрдамида қайноқ майда заррали зич асфальтобетондан 5 см қалинликда қоплама ёткизиш. (ГОСТ 9128-2013) | G41: 200 м х 3,5 м + 6,86 м2 122 м х 3 м + 10,73 м2 | H41: м2 | I41: 1083.59
F42: Қум шағал аралашмаси ёрдамида (ГОСТ 25607-2009 бўйича С11) 5 см қалинликда йўл марзасини мустаҳкамлаш | G42: 322 м х 0,25 м х 2 | H42: м2 | I42: 161
A43: 7 | B43: 3+17 2+72 3+17 | E43: Йўл белгилари етишмайди. | F43: Йўл белгиларини узунлиги 4 м ўлчами 50х50 мм бўлган металл устинини B-15 маркали қуйма бетон пойдеворга ўрнатиш | G43: 3 дона | H43: дона | I43: 3
G44: 0,048 м3 | H44: м3 | I44: 0.048
F45: Томонлари 700 мм бўлган 2.4. "Йўл беринг" йўл белгиси | G45: 1 дона | H45: дона | I45: 1
F46: Томонлари 700 мм бўлган 1.31. "Сунъий йўл нотекислиги" йўл белгиси | G46: 1 дона | H46: дона | I46: 1
F47: Ўлчами 700 мм бўлган 3.12 "Ўққа тушадиган оғирлик чекланган" йўл белгиси | G47: 1 дона | H47: дона | I47: 1
A48: 8 | B48: 3+17 | F48: Сунъий нотекислик (лежачий полицейский) ўрнатиш | G48: 3 м | H48: м | I48: 3
A49: Трасса 6 (Дархон кўчаси)
A50: 9 | B50: 0+00 | C50: 4+79 | D50: 479 | E50: Йўлнинг мавжуд холати қум шағал аралашмасидан иборат бўлиб, чўкишлар нотекисликлар мавжуд. | F50: Мавжуд йўл профилини 1000м2 га 66 м3 янги ҚШАли ГОСТ 25607-2009 (С6) материал қўшиш йўли билан тиклаш | G50: 479 м х 3,5 м + 20,58 м2 | H50: м2 | I50: 1697.08
F51: Битум эмульцияси билан юзаки ишлов бериш 0,6 л/м2 | G51: 0,6 х 1697,08 м2 / 1000 | H51: т | I51: 1.018
F52: Асфальтоукладчик ёрдамида қайноқ майда заррали зич асфальтобетондан 5 см қалинликда қоплама ёткизиш. (ГОСТ 9128-2013) | G52: 479 м х 3,5 м + 20,58 м2 | H52: м2 | I52: 1697.08
F53: Қум шағал аралашмаси ёрдамида (ГОСТ 25607-2009 бўйича С11) 5 см қалинликда йўл марзасини мустаҳкамлаш | G53: 479 м х 0,25 м х 2 | H53: м2 | I53: 239.5
A54: Трасса 7 (Дархон кўчаси)
A55: 10 | B55: 0+00 | C55: 1+85 | D55: 185 | E55: Йўлнинг мавжуд холати қум шағал аралашмасидан иборат бўлиб, чўкишлар нотекисликлар мавжуд. | F55: Мавжуд йўл профилини 1000м2 га 66 м3 янги ҚШАли ГОСТ 25607-2009 (С6) материал қўшиш йўли билан тиклаш | G55: 185 м х 3,5 м + 17,59 м2 | H55: м2 | I55: 665.09
F56: Битум эмульцияси билан юзаки ишлов бериш 0,6 л/м2 | G56: 0,6 х 665,09 м2 / 1000 | H56: т | I56: 0.399
F57: Асфальтоукладчик ёрдамида қайноқ майда заррали зич асфальтобетондан 5 см қалинликда қоплама ёткизиш. (ГОСТ 9128-2013) | G57: 185 м х 3,5 м + 17,59 м2 | H57: м2 | I57: 665.09
F58: Қум шағал аралашмаси ёрдамида (ГОСТ 25607-2009 бўйича С11) 5 см қалинликда йўл марзасини мустаҳкамлаш | G58: 185 м х 0,25 м х 2 | H58: м2 | I58: 92.5
A59: 11 | B59: 0+05 0+50 0+05 | E59: Йўл белгилари етишмайди. | F59: Йўл белгиларини узунлиги 4 м ўлчами 50х50 мм бўлган металл устинини B-15 маркали қуйма бетон пойдеворга ўрнатиш | G59: 3 дона | H59: дона | I59: 3
G60: 0,048 м3 | H60: м3 | I60: 0.048
F61: Томонлари 700 мм бўлган 2.4. "Йўл беринг" йўл белгиси | G61: 1 дона | H61: дона | I61: 1
F62: Томонлари 700 мм бўлган 1.31. "Сунъий йўл нотекислиги" йўл белгиси | G62: 1 дона | H62: дона | I62: 1
F63: Ўлчами 700 мм бўлган 3.12 "Ўққа тушадиган оғирлик чекланган" йўл белгиси | G63: 1 дона | H63: дона | I63: 1
A64: 12 | B64: 0+05 | F64: Сунъий нотекислик (лежачий полицейский) ўрнатиш | G64: 3,5 м | H64: м | I64: 3.5
A65: Трасса 8 (Миллий Истиқлол кўчаси)
A66: 13 | B66: 0+00 | C66: 5+76 | D66: 576 | E66: Йўлнинг мавжуд холати қум шағал аралашмасидан иборат бўлиб, чўкишлар нотекисликлар мавжуд. | F66: Мавжуд йўл профилини 1000м2 га 66 м3 янги ҚШАли ГОСТ 25607-2009 (С6) материал қўшиш йўли билан тиклаш | G66: 576 м х 3,5 м + 6,86 м2 | H66: м2 | I66: 2022.86
F67: Битум эмульцияси билан юзаки ишлов бериш 0,6 л/м2 | G67: 0,6 х 2022,86 м2 / 1000 | H67: т | I67: 1.214
F68: Асфальтоукладчик ёрдамида қайноқ майда заррали зич асфальтобетондан 5 см қалинликда қоплама ёткизиш. (ГОСТ 9128-2013) | G68: 576 м х 3,5 м + 6,86 м2 | H68: м2 | I68: 2022.86
F69: Қум шағал аралашмаси ёрдамида (ГОСТ 25607-2009 бўйича С11) 5 см қалинликда йўл марзасини мустаҳкамлаш | G69: 576 м х 0,25 м х 2 | H69: м2 | I69: 288
A70: Трасса 9 (Миллий Истиқлол кўчаси)
A71: 14 | B71: 0+00 | C71: 1+68 | D71: 168 | E71: Йўлнинг мавжуд холати қум шағал аралашмасидан иборат бўлиб, чўкишлар нотекисликлар мавжуд. | F71: Мавжуд йўл профилини 1000м2 га 66 м3 янги ҚШАли ГОСТ 25607-2009 (С6) материал қўшиш йўли билан тиклаш | G71: 168 м х 3,5 м + 6,86 м2 | H71: м2 | I71: 594.86
F72: Битум эмульцияси билан юзаки ишлов бериш 0,6 л/м2 | G72: 0,6 х 594,86 м2 / 1000 | H72: т | I72: 0.357
F73: Асфальтоукладчик ёрдамида қайноқ майда заррали зич асфальтобетондан 5 см қалинликда қоплама ёткизиш. (ГОСТ 9128-2013) | G73: 168 м х 3,5 м + 6,86 м2 | H73: м2 | I73: 594.86
F74: Қум шағал аралашмаси ёрдамида (ГОСТ 25607-2009 бўйича С11) 5 см қалинликда йўл марзасини мустаҳкамлаш | G74: 168 м х 0,25 м х 2 | H74: м2 | I74: 84
A75: Трасса 10 (Миллий Истиқлол кўчаси)
A76: 15 | B76: 0+00 | C76: 1+24 | D76: 124 | E76: Йўлнинг мавжуд холати қум шағал аралашмасидан иборат бўлиб, чўкишлар нотекисликлар мавжуд. | F76: Мавжуд йўл профилини 1000м2 га 66 м3 янги ҚШАли ГОСТ 25607-2009 (С6) материал қўшиш йўли билан тиклаш | G76: 124 м х 3,5 м + 6,86 м2 | H76: м2 | I76: 440.86
F77: Битум эмульцияси билан юзаки ишлов бериш 0,6 л/м2 | G77: 0,6 х 440,86 м2 / 1000 | H77: т | I77: 0.265
F78: Асфальтоукладчик ёрдамида қайноқ майда заррали зич асфальтобетондан 5 см қалинликда қоплама ёткизиш. (ГОСТ 9128-2013) | G78: 124 м х 3,5 м + 6,86 м2 | H78: м2 | I78: 440.86
F79: Қум шағал аралашмаси ёрдамида (ГОСТ 25607-2009 бўйича С11) 5 см қалинликда йўл марзасини мустаҳкамлаш | G79: 124 м х 0,25 м х 2 | H79: м2 | I79: 62
A80: Трасса 11 (Равон кўчаси)
A81: 16 | B81: 0+00 | C81: 3+60 | D81: 360 | E81: Йўлнинг мавжуд холати қум шағал аралашмасидан иборат бўлиб, чўкишлар нотекисликлар мавжуд. | F81: Мавжуд йўл профилини 1000м2 га 66 м3 янги ҚШАли ГОСТ 25607-2009 (С6) материал қўшиш йўли билан тиклаш | G81: 360 м х 3,5 м + 21,46 м2 | H81: м2 | I81: 1281.46
F82: Битум эмульцияси билан юзаки ишлов бериш 0,6 л/м2 | G82: 0,6 х 1281,46 м2 / 1000 | H82: т | I82: 0.769
F83: Асфальтоукладчик ёрдамида қайноқ майда заррали зич асфальтобетондан 5 см қалинликда қоплама ёткизиш. (ГОСТ 9128-2013) | G83: 360 м х 3,5 м + 21,46 м2 | H83: м2 | I83: 1281.46
F84: Қум шағал аралашмаси ёрдамида (ГОСТ 25607-2009 бўйича С11) 5 см қалинликда йўл марзасини мустаҳкамлаш | G84: 360 м х 0,25 м х 2 | H84: м2 | I84: 180
A85: 17 | B85: 0+05 0+50 0+05 | E85: Йўл белгилари етишмайди. | F85: Йўл белгиларини узунлиги 4 м ўлчами 50х50 мм бўлган металл устинини B-15 маркали қуйма бетон пойдеворга ўрнатиш | G85: 3 дона | H85: дона | I85: 3
G86: 0,048 м3 | H86: м3 | I86: 0.048
F87: Томонлари 700 мм бўлган 2.4. "Йўл беринг" йўл белгиси | G87: 1 дона | H87: дона | I87: 1
F88: Томонлари 700 мм бўлган 1.31. "Сунъий йўл нотекислиги" йўл белгиси | G88: 1 дона | H88: дона | I88: 1
F89: Ўлчами 700 мм бўлган 3.12 "Ўққа тушадиган оғирлик чекланган" йўл белгиси | G89: 1 дона | H89: дона | I89: 1
A90: 18 | B90: 0+05 | F90: Сунъий нотекислик (лежачий полицейский) ўрнатиш | G90: 3,5 м | H90: м | I90: 3.5
A91: Трасса 12 (Олтин замин кўчаси)
A92: 19 | B92: 0+00 | C92: 2+45 | D92: 245 | E92: Йўлнинг мавжуд холати қум шағал аралашмасидан иборат бўлиб, чўкишлар нотекисликлар мавжуд. | F92: Мавжуд йўл профилини 1000м2 га 66 м3 янги ҚШАли ГОСТ 25607-2009 (С6) материал қўшиш йўли билан тиклаш | G92: 245 м х 3 м + 10,72 м2 | H92: м2 | I92: 745.72
F93: Битум эмульцияси билан юзаки ишлов бериш 0,6 л/м2 | G93: 0,6 х 745,72 м2 / 1000 | H93: т | I93: 0.447
F94: Асфальтоукладчик ёрдамида қайноқ майда заррали зич асфальтобетондан 5 см қалинликда қоплама ёткизиш. (ГОСТ 9128-2013) | G94: 245 м х 3 м + 10,72 м2 | H94: м2 | I94: 745.72
F95: Қум шағал аралашмаси ёрдамида (ГОСТ 25607-2009 бўйича С11) 5 см қалинликда йўл марзасини мустаҳкамлаш | G95: 245 м х 0,25 м х 2 | H95: м2 | I95: 122.5
A96: 20 | B96: 0+05 0+50 0+05 | E96: Йўл белгилари етишмайди. | F96: Йўл белгиларини узунлиги 4 м ўлчами 50х50 мм бўлган металл устинини B-15 маркали қуйма бетон пойдеворга ўрнатиш | G96: 3 дона | H96: дона | I96: 3
G97: 0,048 м3 | H97: м3 | I97: 0.048
F98: Томонлари 700 мм бўлган 2.4. "Йўл беринг" йўл белгиси | G98: 1 дона | H98: дона | I98: 1
F99: Томонлари 700 мм бўлган 1.31. "Сунъий йўл нотекислиги" йўл белгиси | G99: 1 дона | H99: дона | I99: 1
F100: Ўлчами 700 мм бўлган 3.12 "Ўққа тушадиган оғирлик чекланган" йўл белгиси | G100: 1 дона | H100: дона | I100: 1
A101: 21 | B101: 0+05 | F101: Сунъий нотекислик (лежачий полицейский) ўрнатиш | G101: 3 м | H101: м | I101: 3
A102: Трасса 13 (Олтин замин кўчаси)
...

Sheet ТРАНСПОРТ
A1: Транспортные расходы на перевозымые грузы
A2: =+Дефектовка!A7 -> НАМАНГАН ВИЛОЯТИ УЧҚЎРҒОН ТУМАНИ ҚУРАМА МФЙ МИЛЛИЙ ИСТИҚЛОЛ, ДАРХОН, НАСТАРИН ВА АФСИЁБ КЎЧАСИ ИЧКИ ЙЎЛЛАРИГА АСФАЛЬТ ЁТҚИЗИШ
A4: № П/П | B4: Наменование материалов | C4: Единица измерения | D4: Коли-чество | E4: Удель- ный вес | F4: Общая тонна | G4: Автотранспортная км | H4: тн/км | I4: Стоимость за один тн/км | J4: Всего
E5: тн
A6: 1 | B6: 2 | C6: 3 | D6: 4 | E6: 6 | F6: 7 | G6: 9 | H6: 10 | I6: 11 | J6: 12
A7: 1 | B7: Смесь асфальтобетонная горячая пористая мелкозернистая | C7: т | D7: =SUMIF(РЕСУРС!$D$15:$D$405,B7,РЕСУРС!$F$15:$F$405) -> 0 | E7: 1 | F7: =+E7*D7 -> 0 | G7: =+Дефектовка!G109 -> 0 | H7: =+G7*F7 -> 0 | J7: =+I7*H7 -> 0
A8: 2 | B8: Гравийно-песчаная смесь | C8: м3 | D8: =SUMIF(РЕСУРС!$D$15:$D$405,B8,РЕСУРС!$F$15:$F$405) -> 991.83927 | E8: 1.6 | F8: =+E8*D8 -> 1586.9428 | G8: =+Дефектовка!G110 -> 0 | H8: =+G8*F8 -> 0 | J8: =+I8*H8 -> 0
A9: 3 | B9: Щебень из естественного камня для строительных работ М-1000-1200 фракции 5-20 мм | C9: м3 | D9: =SUMIF(РЕСУРС!$D$15:$D$405,B9,РЕСУРС!$F$15:$F$405) -> 0 | E9: 1.45 | F9: =+E9*D9 -> 0 | G9: =+Дефектовка!#REF! -> #REF! | H9: =+G9*F9 -> #REF! | J9: =+I9*H9 -> #REF!
A10: 4 | B10: Остальные материалы 3%
B11: ИТОГО
I15: =SUMIF(#REF!,G15,#REF!) -> #REF!
